 Dungeon Crawl Stone Soup version 0.30-a0-1094-g860fb061e7 (webtiles) character file.

Game seed: 11926966915419299115

55 Ihaveafatcat the Shield-Bearer (level 3, -8/22 HPs)
             Began as a Deep Elf Fighter on Apr 17, 2023.
             Mangled by a gnoll
             ... wielding a +3 flail
              (10 damage)
             ... on level 3 of the Dungeon.
             The game lasted 00:03:44 (1453 turns).

Ihaveafatcat the Shield-Bearer (Deep Elf Fighter)   Turns: 1453, Time: 00:03:45

Health: -8/22      AC:  6    Str: 15    XL:     3   Next: 67%
Magic:  5/5        EV:  8    Int: 12    God:
Gold:   125        SH:  4    Dex: 14    Spells: 2/2 levels left

rFire   . . .      SeeInvis .    a - +0 rapier
rCold   . . .      Faith    .    c - +0 buckler
rNeg    . . .      Spirit   .    b - +0 scale mail
rPois   .          Reflect  .    (no helmet)
rElec   .          Rampage  .    (no cloak)
rCorr   .                        (no gloves)
Will    .....                    (no boots) Stlth
                                 (no amulet)
HPRegen 0.23/turn                (no ring)
MPRegen 0.09/turn                (no ring)

@: no status effects
A: no striking features
a: no special abilities


You were on level 3 of the Dungeon.
You visited 1 branch of the dungeon, and saw 3 of its levels.

You collected 125 gold pieces.

Inventory:

Hand Weapons
 a - a +0 rapier (weapon)
Armour
 b - a +0 scale mail (worn)
 c - a +0 buckler (worn)
 e - a scarf of harm
Jewellery
 o - an amulet of faith
 p - a ring of flight
Scrolls
 f - 2 scrolls of identify {unknown}
 g - 2 scrolls of teleportation {unknown}
 i - a scroll of poison {unknown}
 j - a scroll of torment {unknown}
 k - 2 scrolls of amnesia {unknown}
 n - 3 scrolls of vulnerability {unknown}
 q - a scroll of enchant armour {unknown}
 r - a scroll of magic mapping {unknown}
 s - 2 scrolls of fog {unknown}
 t - a scroll of butterflies {unknown}
 u - a scroll of enchant weapon {unknown}
Potions
 d - 3 potions of might
 h - a potion of attraction {unknown}
 l - a potion of curing {unknown}
 m - a potion of lignification {unknown}


   Skills:
 + Level 2.8 Fighting
 * Level 2.8 Short Blades
 + Level 2.7 Armour
 + Level 2.8 Shields


You had 2 spell levels left.
You didn't know any spells.
Your spell library contained the following spells:

 Spells                   Type           Power      Damage    Failure   Level
 Sting                    Tmut/Pois      0%         1d3       86%         1
 Poisonous Vapours        Pois/Air       0%         N/A       94%         2
 Olgreb's Toxic Radiance  Pois           0%         N/A       100%        4


Dungeon Overview and Level Annotations

Branches:
Dungeon (3/15)

Altars:


Message History

The gnoll hits you with a +0 halberd. You block the gnoll's attack.
There are monsters nearby!
There are monsters nearby!
You closely miss the gnoll.
The gnoll is lightly wounded.
You block the gnoll's attack. x2; The gnoll barely misses you.
There are monsters nearby!
You hit the gnoll.
The gnoll is heavily wounded.
The gnoll barely misses you. The gnoll closely misses you.
There are monsters nearby!
You closely miss the gnoll.
The gnoll is heavily wounded.
The gnoll barely misses you. The gnoll hits you with a +3 flail!
Ouch! That really hurt!
You block the gnoll's attack.
You are too injured to fight recklessly!
There are monsters nearby!
You are too injured to fight recklessly!
There are monsters nearby!
You are too injured to fight recklessly!
There are monsters nearby!
You are too injured to fight recklessly!
You hit the gnoll.
The gnoll is severely wounded.
The gnoll hits you but does no damage. You block the gnoll's attack.
The gnoll hits you but does no damage. The gnoll barely misses you.
You barely miss the gnoll.
The gnoll is severely wounded.
The gnoll hits you but does no damage. You block the gnoll's attack.
The gnoll hits you but does no damage. The gnoll hits you with a +0 halberd.
* * * LOW HITPOINT WARNING * * *
You hit the gnoll but do no damage.
The gnoll is severely wounded.
You block the gnoll's attack. x3; The gnoll closely misses you.
You hit the gnoll.
You kill the gnoll!
You block the gnoll's attack. The gnoll hits you but does no damage.
The gnoll hits you with a +3 flail!
You die...

.. ..... . ....
.#...#### .... .........
#. .#$#.... #........
..##>.#...# #.g......
....#......#####gg......
#.......#......)@#
#................#
................##
.....#.......?..#
................#
.....#...........#
....†...............
....#...........##...
................# .#.


You could see 3 gnolls.

Vanquished Creatures
  A gnoll (D:3)
  2 dart slugs
  An orc (D:3)
  3 endoplasms
  2 giant cockroaches
  4 goblins
  4 hobgoblins
  6 jackals
  A quokka (D:2)
  2 ball pythons (D:2)
  7 bats
  A frilled lizard (D:1)
  4 kobolds
  9 rats
47 creatures vanquished.

Notes
Turn   | Place    | Note
-------+----------+-------------------------------------------
     0 | D:1      | Ihaveafatcat the Deep Elf Fighter began the quest for the
                  | Orb.
     0 | D:1      | Reached XP level 1. HP: 13/13 MP: 3/3
   125 | D:1      | Reached XP level 2. HP: 16/18 MP: 4/4
   909 | D:2      | Reached XP level 3. HP: 16/22 MP: 5/5
  1032 | D:2      | Found a faded altar of an unknown god.
  1300 | D:3      | HP: 1/22 [bat (1)]
  1453 | D:3      | Mangled by a gnoll

Illustrated notes

Levels and vault maps discovered:
D:1:      lightli_arrival_flooded_house, layout_basic
D:2:      layout_rooms, dreamdust_ecumenical_altar_statues,
          minmay_misc_feat_columns
D:3:      cheibrodos_old_hovel, layout_rooms, minivault_19,
          minmay_misc_feat_doors, st_stairs_11

Action                     || total
---------------------------++-------
  Melee: Rapier            ||   185
 Armour: Scale mail        ||   143
  Dodge: Dodged            ||   124
  Block: Buckler           ||    66

Table legend: (Time is in decaauts)
 A = Elapsed time spent in this place.
 B = Non-inter-level travel time spent in this place.
 C = Inter-level travel time spent in this place.
 D = Time resting spent in this place.
 E = Time spent auto-exploring this place.
 F = Levels seen in this place.
 G = Mean time per level.
                   A        B        C        D        E       F      G
               +--------+--------+--------+--------+--------+-----+--------+
         Total |   1476 |   1476 |      0 |    166 |    835 |   3 |  492.0 |
       Dungeon |   1476 |   1476 |      0 |    166 |    835 |   3 |  492.0 |
               +--------+--------+--------+--------+--------+-----+--------+

Top non-repeatable levels by time:
     D:2: 664 daAuts
     D:1: 612 daAuts
     D:3: 199 daAuts
